 Dungeon Crawl Stone Soup version 0.24-a0-459-g225fefd (webtiles) character file.

Game seed: 4223449738488939187

31032 relicbr the Severer (level 13, -2/116 HPs)
             Began as a Minotaur Gladiator on June 30, 2019.
             Was a High Priest of Okawaru.
             Slain by a spiny frog (18 damage)
             ... on level 4 of the Lair of Beasts.
             The game lasted 00:52:44 (20226 turns).

relicbr the Severer (Minotaur Gladiator)           Turns: 20226, Time: 00:52:45

Health: -2/116     AC: 15    Str: 23    XL:     13   Next: 23%
Magic:  15/15      EV: 12    Int:  5    God:    Okawaru [*****.]
Gold:   525        SH:  0    Dex: 19    Spells: 12/12 levels left

rFire    + + .     SeeInvis .   a - +5 broad axe (elec)
rCold    + . .     Gourm    .   (no shield)
rNeg     . . .     Faith    +   E - +2 scale mail {rF+}
rPois    .         Spirit   .   c - +0 hat
rElec    .         Reflect  .   D - scarf {rC+ rF+}
rCorr    .         Harm     .   o - +0 pair of gloves {Str+3}
MR       .....                  q - +1 pair of boots {Stlth+}
Stlth    +.........             h - amulet of faith
HPRegen  0.29/turn              m - +3 ring of dexterity
MPRegen  0.14/turn              (no ring)

@: no status effects
A: retaliatory headbutt, horns 2
a: Heroism, Finesse, Renounce Religion


You were on level 4 of the Lair of Beasts.
You worshipped Okawaru.
Okawaru was extremely pleased with you.
You were hungry.

You visited 2 branches of the dungeon, and saw 15 of its levels.
You also visited: Sewer and Volcano.

You collected 760 gold pieces.
You spent 235 gold pieces at shops.

Inventory:

Hand Weapons
 a - a +5 broad axe of electrocution (weapon)
 b - a +3 vampiric executioner's axe
 l - a +0 scimitar of flaming
Missiles
 w - 5 silver boomerangs (quivered)
Armour
 c - a +0 hat (worn)
 o - a +0 pair of gloves of strength (worn)
 q - a +1 pair of boots of stealth (worn)
 D - a scarf of resistance (worn)
 E - a +2 scale mail of fire resistance (worn)
Jewellery
 h - an amulet of faith (around neck)
 m - a +3 ring of dexterity (left hand)
Wands
 t - a wand of digging (2)
Scrolls
 e - 5 scrolls of teleportation
 i - 4 scrolls of remove curse
 n - 4 scrolls of blinking
 s - a scroll of fog
 y - 5 scrolls of magic mapping
Potions
 d - 2 potions of resistance {unknown}
 g - a potion of brilliance
 j - 2 potions of curing
 k - 8 potions of heal wounds
 p - 2 potions of invisibility
 u - a potion of lignification {unknown}
 z - 3 potions of might
 B - 2 potions of flight
 K - a potion of agility
 L - 2 potions of haste
Comestibles
 f - 30 rations
 r - 5 chunks of flesh


   Skills:
 - Level 11.0 Fighting
 * Level 20.0 Axes
 - Level 2.0 Throwing
 - Level 11.0 Armour
 - Level 3.2 Dodging
 - Level 4.0 Invocations


You had 12 spell levels left.
You didn't know any spells.
Your spell library contained the following spells:

 Spells                   Type           Power        Failure   Level  Hunger
 Magic Dart               Conj           #...         75%         1    ##.....
 Blink                    Tloc           N/A          86%         2    ###....
 Call Imp                 Summ           #.......     86%         2    ###....
 Poisonous Vapours        Pois/Air       #.....       86%         2    ###....
 Slow                     Hex            #.......     86%         2    ###....
 Conjure Flame            Conj/Fire      #.......     98%         3    ####...
 Mephitic Cloud           Conj/Pois/Air  #.......     98%         3    ####...
 Irradiate                Conj/Tmut      #.........   100%        5    ######.
 Freezing Cloud           Conj/Ice/Air   #.........   100%        6    #######
 Hydra Form               Tmut           #.........   100%        6    #######
 Statue Form              Tmut/Erth      #........    100%        6    #######
 Dragon Form              Tmut           #.........   100%        7    #######
 Ring of Flames           Chrm/Fire      #.........   100%        7    #######


Dungeon Overview and Level Annotations

Branches:
Dungeon (11/15)            Temple (0/1) D:5            Lair (4/6) D:10
 Shoals (0/4) Lair:4       Spider (0/4) Lair:3
    Orc: D:9-12

Altars:
Ashenzari
Elyvilon
Gozag
Hepliaklqana
Okawaru
Ru
Sif Muna
Uskayaw
Wu Jian
Xom
Yredelemnul
The Shining One

Shops:
D:8 =

Annotations:
Lair:1 exclusion: 4 oklob plants


Innate Abilities, Weirdness & Mutations

You reflexively headbutt those who attack you in melee.
You have a pair of horns on your head.


Message History

You feel like a meek peon again.
You hit the spiny frog.
Lightning courses through the spiny frog!
The spiny frog is moderately wounded.
The spiny frog stings you.
* * * LOW HITPOINT WARNING * * *
You are poisoned.
The spiny frog poisons you!
You slice the spiny frog!!
The spiny frog is almost dead.
You slash the spiny frog!
* * * LOW HITPOINT WARNING * * *
You feel sick. The spiny frog stings you.
* * * LOW HITPOINT WARNING * * *
The spiny frog stings you.
* * * LOW HITPOINT WARNING * * *
You are more poisoned.
The spiny frog poisons you!
You feel better. The spiny frog stings you!!
You die...

#.#..................##...8...#
##..................#..........
..................##..8..>..8
#................# .........
###[.......}.####.#.......8...
###......%%F..##
##............# ......†%†%....#
.##..8.........
#.........%...###.......##..8.
..##...........F@.......#
..............F..#.....
..#.#.#...######.## #.# . P
######..# ..# #. #P... ..# #..
#...## #..# .... .... ##.#
#.... # ... ..P ......# .......


You could see 2 spiny frogs.

Vanquished Creatures
  Snorg (D:11)
  4 hydras
  The ghost of continuitydrift the Summoner, a journeyman MfSu of Fedhas (D:11)
  The ghost of ishanyx the Spear-Bearer, a journeyman MfGl of Hepliaklqana (Lair:1)
  A two-headed ogre (D:9)
  Sonja (D:11)
  3 hell knights (D:10)
  An ugly thing (D:11)
  4 elephants
  13 spiny frogs
  A kobold demonologist (D:11)
  An efreet (Volcano)
  3 gargoyles (Volcano)
  2 rime drakes
  7 komodo dragons
  A troll (D:11)
  3 hippogriffs
  5 blink frogs (Lair:2)
  A spriggan (D:7)
  A shadow (D:11)
  10 yaks
  5 wyverns
  Eustachio (D:6)
  3 hungry ghosts
  A basilisk (Lair:2)
  2 steam dragons
  7 hell hounds (D:10)
  Duvessa (D:5)
  3 water moccasins
  13 porcupines
  4 orc warriors
  A black bear (D:9)
  6 ogres
  2 sky beasts
  A phantom (D:2)
  An ice beast (D:11)
  14 wolves
  8 centaurs
  6 crocodiles
  5 big kobolds
  A gnoll sergeant (D:6)
  Blork the orc (D:6)
  10 bullfrogs
  Dowan (D:5)
  5 scorpions
  5 killer bees (D:7)
  3 crimson imps
  4 jellies
  A quasit (D:5)
  A centaur zombie (D:5)
  5 orc priests
  4 hounds
  A bullfrog skeleton (D:8)
  3 centaur skeletons
  A gnoll shaman (D:5)
  2 iguanas
  3 orc wizards
  3 worker ants
  A hound skeleton (D:7)
  7 gnolls
  20 adders
  5 river rats (Sewer)
  2 shadow imps
  3 oozes
  4 adder skeletons
  4 worms
  A dart slug (D:2)
  8 leopard geckos
  35 orcs
  5 bats
  3 giant cockroaches
  11 goblins
  7 hobgoblins
  4 jackals (D:5)
  4 quokkas
  11 ball pythons
  7 frilled lizards
  2 goblin skeletons (D:7)
  A goblin zombie (D:7)
  2 hobgoblin zombies (D:7)
  51 kobolds
  A kobold zombie (D:7)
  A leopard gecko skeleton (D:4)
  2 orc zombies (D:7)
  28 rats
  3 fungi
  10 plants
446 creatures vanquished.

Vanquished Creatures (others)
  2 plants
2 creatures vanquished.

Grand Total: 448 creatures vanquished

Notes
Turn   | Place    | Note
-------+----------+-------------------------------------------
     0 | D:1      | relicbr the Minotaur Gladiator began the quest for the Orb.
     0 | D:1      | Reached XP level 1. HP: 18/18 MP: 0/0
    16 | D:1      | Reached skill level 4 in Axes
    75 | D:1      | Reached XP level 2. HP: 24/25 MP: 1/1
   513 | D:2      | Reached skill level 5 in Axes
   513 | D:2      | Reached XP level 3. HP: 13/30 MP: 2/2
  1022 | D:2      | Found a basalt altar of Yredelemnul.
  1139 | D:2      | Noticed a phantom
  1180 | D:2      | Killed a phantom
  1180 | D:2      | Reached skill level 7 in Axes
  1180 | D:2      | Reached XP level 4. HP: 16/37 MP: 3/3
  1180 | D:2      | Reached XP level 5. HP: 18/42 MP: 4/4
  2356 | D:3      | Reached skill level 8 in Axes
  2561 | D:3      | Reached XP level 6. HP: 50/50 MP: 5/5
  2968 | D:3      | Found an iron altar of Okawaru.
  3194 | D:3      | Became a worshipper of Warmaster Okawaru
  4010 | D:4      | Reached skill level 9 in Axes
  4629 | D:5      | Entered Level 5 of the Dungeon
  4651 | D:5      | Noticed a water moccasin
  4668 | D:5      | Killed a water moccasin
  4668 | D:5      | Reached * piety under Okawaru
  4668 | D:5      | Reached XP level 7. HP: 26/56 MP: 6/6
  5077 | D:5      | Found a staircase to the Ecumenical Temple.
  5084 | D:5      | Noticed Duvessa
  5084 | D:5      | Noticed Dowan
  5093 | D:5      | Killed Duvessa
  5093 | D:5      | Reached skill level 10 in Axes
  5099 | D:5      | Killed Dowan
  5192 | D:5      | Found an ornate altar of the Wu Jian Council.
  5210 | D:5      | Reached skill level 11 in Axes
  5285 | D:5      | Reached XP level 8. HP: 38/62 MP: 7/7
  6317 | D:6      | Found a glowing drain.
  6351 | Sewer    | Entered a sewer
  6458 | Sewer    | Reached skill level 12 in Axes
  6680 | Sewer    | Reached ** piety under Okawaru
  6816 | D:6      | Noticed Eustachio
  6828 | D:6      | Reached skill level 13 in Axes
  6845 | D:6      | Killed Eustachio
  7067 | D:6      | Found a deep blue altar of Sif Muna.
  7094 | D:6      | Found an opulent altar of Gozag.
  7096 | D:6      | Found a shattered altar of Ashenzari.
  7155 | D:6      | Found a hazy altar of Hepliaklqana.
  7155 | D:6      | Identified the cursed +3 long sword of Res Nullius
                  | {antimagic, rC+}
  7157 | D:6      | Found a shimmering altar of Xom.
  7158 | D:6      | Noticed a spectral ugly thing
  7176 | D:6      | Noticed Blork the orc
  7184 | D:6      | Killed Blork the orc
  7184 | D:6      | Reached XP level 9. HP: 42/68 MP: 8/8
  7698 | D:7      | Reached skill level 14 in Axes
  7795 | D:7      | Found a glowing golden altar of the Shining One.
  8011 | D:7      | Reached *** piety under Okawaru
  8491 | D:7      | Reached skill level 15 in Axes
  9477 | D:8      | Found Coudeokh's Jewellery Shoppe.
  9496 | D:8      | Bought a +3 ring of dexterity for 235 gold pieces
  9731 | D:8      | Found a hide-covered altar of Uskayaw.
  9827 | D:8      | Found a glowing golden altar of the Shining One.
  9862 | D:9      | Noticed a two-headed ogre
  9871 | D:9      | Killed a two-headed ogre
  9871 | D:9      | Reached **** piety under Okawaru
  9871 | D:9      | Reached skill level 16 in Axes
  9871 | D:9      | Reached XP level 10. HP: 74/74 MP: 9/9
 10116 | D:9      | Found a white marble altar of Elyvilon.
 10347 | D:9      | Reached ***** piety under Okawaru
 10347 | D:9      | Reached skill level 5 in Fighting
 11018 | D:10     | Entered Level 10 of the Dungeon
 11035 | D:10     | Reached skill level 1 in Invocations
 11588 | D:10     | Noticed a hell knight
 11593 | D:10     | Noticed a hell knight
 11594 | D:10     | Reached skill level 10 in Fighting
 11594 | D:10     | Killed a hell knight
 11594 | D:10     | Received a gift from Okawaru
 11605 | D:10     | Noticed a hell knight
 11606 | D:10     | Noticed a hell knight
 11606 | D:10     | Noticed a hell knight
 11606 | D:10     | Noticed a hell knight
 11607 | D:10     | Noticed a hell knight
 11615 | D:10     | Noticed a hell knight
 11631 | D:10     | Killed a hell knight
 11631 | D:10     | Reached XP level 11. HP: 13/102 MP: 3/11
 12008 | D:10     | Killed a hell knight
 12275 | D:11     | Noticed Snorg
 12293 | D:11     | Killed Snorg
 12293 | D:11     | Received a gift from Okawaru
 12294 | D:11     | Noticed a six-headed hydra
 12586 | D:10     | Found a staircase to the Lair.
 12947 | D:11     | Reached skill level 5 in Armour
 13066 | D:11     | Killed a ten-headed hydra
 13258 | D:11     | Noticed a cyan ugly thing
 13267 | D:11     | Reached ****** piety under Okawaru
 13272 | D:11     | Killed a cyan ugly thing
 13394 | D:11     | Received a gift from Okawaru
 13413 | D:11     | Found a sacrificial altar of Ru.
 13437 | D:11     | Noticed an eight-headed hydra
 13440 | D:11     | Noticed Sonja
 14025 | D:11     | Noticed continuitydrift's ghost (journeyman MfSu)
 14117 | D:11     | Found a runed translucent door.
 14173 | D:11     | HP: 4/102 [19-headed hydra (12)]
 14174 | D:11     | Killed a 20-headed hydra
 14211 | D:11     | HP: 5/102 [asphyx]
 14224 | D:11     | Got a heavy robe
 14556 | D:10     | Identified the +2 robe "Imemuuh" {*Corrode rPois rN+ Int+2}
                  | (You found it on level 11 of the Dungeon)
 14679 | D:11     | Killed Sonja
 14679 | D:11     | Reached skill level 10 in Armour
 15111 | D:11     | Killed continuitydrift's ghost
 15174 | Lair:1   | Entered Level 1 of the Lair of Beasts
 15210 | Lair:1   | Reached XP level 12. HP: 18/110 MP: 14/14
 15930 | Lair:1   | Noticed ishanyx's ghost (journeyman MfGl)
 15933 | Lair:1   | Found a runed translucent door.
 16337 | Lair:1   | Killed ishanyx's ghost
 16337 | Lair:1   | Received a gift from Okawaru
 16766 | Lair:2   | Reached skill level 17 in Axes
 16906 | Lair:2   | Noticed a six-headed hydra
 16933 | Lair:1   | HP: 5/110 [komodo dragon (24)]
 17315 | Lair:2   | Killed a ten-headed hydra
 17315 | Lair:2   | Received a gift from Okawaru
 17636 | Lair:2   | Reached skill level 18 in Axes
 18418 | Lair:3   | Found a dark tunnel.
 18428 | Volcano  | Entered a volcano
 19083 | Lair:3   | Reached skill level 19 in Axes
 19247 | Lair:3   | Found a hole to the Spider Nest.
 19331 | Lair:3   | Received a gift from Okawaru
 19972 | Lair:4   | Received a gift from Okawaru
 19977 | Lair:4   | Reached XP level 13. HP: 102/116 MP: 12/15
 20104 | Lair:4   | Found a staircase to the Shoals.
 20213 | Lair:4   | Reached skill level 20 in Axes
 20226 | Lair:4   | Slain by a spiny frog

Levels and vault maps discovered:
D:1:      shiori_arrival_oz, layout_rooms
D:2:      layout_basic, lemuel_crystal_altar
D:3:      layout_basic, kennysheep_okawaru_gauntlet, serial_rivers,
          chequers_serial_rivers_micro_b, chequers_serial_rivers_micro_e,
          chequers_serial_rivers_small_b, chequers_serial_rivers_micro_c
D:4:      layout_basic
D:5:      kennysheep_kobold_camp, layout_basic, lemuel_round_altar,
          minmay_temple_entry_butterflies, first_ration, nrook_pool_corridor,
          uniq_duvessa
D:6:      layout_loops_ring, regret_index_temple_of_mockery,
          chequers_temple_overflow_statue_of_worship, basic_altar,
          cheibrodos_sewer_entry_bend, serial_park_tiny_pond, uniq_eustachio,
          uniq_blork_the_orc
D:7:      layout_basic, nicolae_overflow_hidden_temple, the_bakery,
          skrybe_limestone_x, chequers_serial_rivers_room_b,
          roderic_serpentine_path, nicolae_tso_besieged_by_evil
D:8:      layout_rooms, kennysheep_mini, basic_altar, serial_shops,
          nicolae_shop_statue_plus, minmay_misc_feat_rugged, nrook_campfire
D:9:      layout_basic, kennysheep_little_box, minivault_26, st_stairs_14,
          hex_medium, minmay_stone_trees_small
D:10:     layout_cave_pods, grunt_lair_entry_orc_guard_hut, minmay_rotating_lava
D:11:     layout_basic, hellmonk_ghost_happy_afterlife, basic_altar, uniq_snorg,
          uniq_sonja
Lair:1:   layout_long_grid, serial_forest, infiniplex_forest_clump_C,
          infiniplex_forest_clump_tiny, infiniplex_forest_end_2,
          infiniplex_forest_lined_room_2, infiniplex_forest_clump_long,
          infiniplex_forest_lined_corner, hellmonk_ghost_happy_afterlife,
          st_stairs_7, minmay_lair_oklob_chamber, infiniplex_staircase_pool
Lair:2:   layout_long_grid
Lair:3:   layout_long_grid, spider_nest_entry_webs,
          nicolae_volcano_entry_two_sided, grunt_megastairs_5
Lair:4:   layout_small_grid, shoals_dummy_entry, beast_lair_carwin_1,
          grunt_megastairs_3, lemuel_fruit_tree

Skill      XL: |  1  2  3  4  5  6  7  8  9 10 11 12 13 |
---------------+----------------------------------------+-----
Axes           | 4 5 7 8 9 11 13 16 19 20 | 20.0
Fighting       | 11 | 11.0
Invocations    | 1 4 |  4.0
Armour         | 10 11 | 11.0
Throwing       | |  2.0
Dodging        | |  3.2

Action                   |  1- 3 |  4- 6 |  7- 9 | 10-12 | 13-15 || total
-------------------------+-------+-------+-------+-------+-------++-------
Melee: War axe           |    85 |   116 |   366 |   157 |       ||   724
       Headbutt          |    13 |    13 |    93 |   165 |    10 ||   294
       Broad axe         |       |       |       |   309 |    33 ||   342
       Punch             |       |       |       |     2 |     1 ||     3
       Battleaxe         |       |       |       |    29 |       ||    29
       Scimitar          |       |       |       |       |     9 ||     9
Throw: Dart              |       |     8 |       |       |       ||     8
       Throwing net      |       |     1 |     4 |       |       ||     5
       Boomerang         |       |       |    26 |    16 |       ||    42
Invok: Heroism           |       |       |     3 |    16 |     2 ||    21
       Finesse           |       |       |       |     5 |     1 ||     6
Evoke: Wand              |       |       |     5 |    10 |       ||    15
  Use: Scroll            |       |    12 |     6 |     9 |       ||    27
       Potion            |       |       |     4 |    13 |     2 ||    19
 Stab: Held in net/web   |       |       |     2 |       |       ||     2
       Sleeping          |       |       |     1 |       |       ||     1
  Eat: Chunk             |     1 |    10 |    13 |    24 |     2 ||    50
       Ration            |       |       |     2 |     2 |       ||     4
Armor: Leather armour    |    20 |       |       |       |       ||    20
       Ring mail         |       |    34 |    48 |       |       ||    82
       Steam dragon scal |       |       |    27 |     7 |       ||    34
       Scale mail        |       |       |       |   159 |    15 ||   174
Dodge: Dodged            |    55 |    80 |   179 |   299 |    27 ||   640
       Rpst.: Scimitar   |       |       |       |       |     1 ||     1

Table legend:
 A = Non-vault XP
 B = Vault XP
 C = Vault XP percentage of total XP
 D = Non-vault monster count
 E = Vault monster count
 F = Vault count percentage of total count
                 A         B        C        D         E       F
            +---------+---------+-------+---------+---------+-------
      Total |   27021 |   17311 |  39.0 |     306 |     127 |  29.3
            +---------+---------+-------+---------+---------+-------
        D:1 |      25 |       4 |  13.8 |      15 |       2 |  11.8
        D:2 |     198 |       0 |   0.0 |      27 |       0 |   0.0
        D:3 |     232 |       4 |   1.7 |      24 |       2 |   7.7
        D:4 |     191 |       0 |   0.0 |      18 |       0 |   0.0
        D:5 |     535 |     358 |  40.1 |      19 |      23 |  54.8
        D:6 |     627 |     293 |  31.8 |      11 |       4 |  26.7
        D:7 |    1505 |     240 |  13.8 |      31 |      10 |  24.4
        D:8 |     151 |       0 |   0.0 |       4 |       0 |   0.0
        D:9 |    1700 |     872 |  33.9 |      22 |       1 |   4.3
       D:10 |    1046 |    4077 |  79.6 |      26 |      16 |  38.1
       D:11 |    6235 |    2898 |  31.7 |      44 |       3 |   6.4
     Lair:1 |    2533 |    1589 |  38.5 |      14 |       3 |  17.6
     Lair:2 |    6093 |       0 |   0.0 |      22 |       0 |   0.0
     Lair:3 |    2988 |     355 |  10.6 |      14 |       1 |   6.7
     Lair:4 |    2962 |    4618 |  60.9 |      15 |      10 |  40.0
      Sewer |       0 |     412 | 100.0 |       0 |      48 | 100.0
    Volcano |       0 |    1591 | 100.0 |       0 |       4 | 100.0
            +---------+---------+-------+---------+---------+-------
